 Dungeon Crawl Stone Soup version 0.27-a0-1277-g3808f8b1c9 (webtiles) character file.

Game seed: 438055668772194935

37 Conn the Magician (level 3, 0/19 HPs)
             Began as a Deep Elf Hedge Wizard on June 12, 2021.
             Slain by a quokka (3 damage)
             ... on level 2 of the Dungeon.
             The game lasted 00:04:12 (1499 turns).

Conn the Magician (Deep Elf Hedge Wizard)           Turns: 1499, Time: 00:04:12

Health: 0/19       AC:  2    Str:  5 (7)  XL:     3   Next: 21%
Magic:  0/11       EV: 12    Int: 17 (19) God:
Gold:   44         SH:  0    Dex: 12 (14) Spells: 5/12 levels left

rFire    . . .     SeeInvis .   f - +3 whip
rCold    . . .     Faith    .   (no shield)
rNeg     . . .     Spirit   .   b - +0 robe
rPois    .         Reflect  .   c - +0 hat
rElec    .         Harm     .   (no cloak)
rCorr    .         Rampage  .   (no gloves)
Will     .....                  (no boots)
Stlth    ++........             (no amulet)
HPRegen  0.06/turn              (no ring)
MPRegen  0.12/turn              (no ring)

@: flying
A: no striking features
a: no special abilities


You were on level 2 of the Dungeon.
You visited 1 branch of the dungeon, and saw 2 of its levels.

You collected 44 gold pieces.

Inventory:

Hand Weapons
 a - a +0 dagger
 e - a +0 short sword
 f - a +3 whip (weapon)
Armour
 b - a +0 robe (worn)
 c - a +0 hat (worn)
Scrolls
 d - a scroll of amnesia {unknown}
 g - a scroll of acquirement {unknown}
 i - a scroll of magic mapping {unknown}
 k - a scroll of enchant weapon {unknown}
Potions
 h - 2 potions of flight


   Skills:
 + Level 2.6 Dodging
 + Level 2.6 Stealth
 + Level 5.4 Spellcasting
 + Level 1.4 Conjurations
 * Level 1.6 Summonings
 * Level 1.1 Translocations


You had 5 spell levels left.
You knew the following spells:

 Your Spells              Type           Power      Damage    Failure   Level
a - Magic Dart            Conj           36%        1d4       8%          1
b - Blink                 Tloc           N/A        N/A       13%         2
c - Call Imp              Summ           10%        N/A       11%         2
d - Slow                  Hex            4%         N/A       21%         2

Your spell library contained the following spells:

 Spells                   Type           Power      Damage    Failure   Level
 Conjure Flame            Conj/Fire      7%         6-21      30%         3
 Mephitic Cloud           Conj/Pois/Air  6%         N/A       32%         3


Dungeon Overview and Level Annotations

Branches:
Dungeon (2/15)

Altars:

Annotations:
D:2 Jessica


Message History

Casting: Call Imp (safe; 10% risk of failure)
Confirm with . or Enter, or press ? or * to list all spells.
Aiming: Slow (safe; 19% risk of failure)
Press: ? - help, Shift-Dir - straight line, f/p - quokka
Aim: a quokka (lightly wounded, chance to affect: 56%)
The quokka resists with significant effort.
The jackal barks!
The quokka bites you.
* * * LOW HITPOINT WARNING * * *
The quokka barely misses you.
Casting: Slow (safe; 19% risk of failure)
Confirm with . or Enter, or press ? or * to list all spells.
You blink.
It was a potion of flight.
You feel very buoyant.
You fly up into the air.
It was a potion of degeneration.
There was something very wrong with that liquid.
You feel weakened.
You feel dopey.
You feel clumsy.
Casting: Blink (safe; 13% risk of failure)
Confirm with . or Enter, or press ? or * to list all spells.
Aiming: Magic Dart (safe; 8% risk of failure)
Press: ? - help, Shift-Dir - straight line, f/p - quokka
Aim: a quokka (lightly wounded, 100% to hit)
The magic dart hits the quokka but does no damage.
The quokka is lightly wounded.
Casting: Magic Dart (safe; 8% risk of failure)
Confirm with . or Enter, or press ? or * to list all spells.
Aiming: Magic Dart (safe; 8% risk of failure)
Press: ? - help, Shift-Dir - straight line, f/p - quokka
Aim: a quokka (lightly wounded, 100% to hit)
The magic dart hits the quokka.
The quokka is almost dead.
You closely miss the quokka.
The quokka is almost dead.
The quokka barely misses you.
You miss the quokka.
The quokka is almost dead.
The jackal barely misses you. The quokka bites you.
You die...

........#####.###+#.##
......................
#.[.....##............
.[......##.##.........
#.......##.##.........
#.......##.##.........
####..................
#hr................
#.@................
#.........#######..
#......... #..
.......... .
###########


You could see a quokka and a jackal.

Vanquished Creatures
  An adder (D:2)
  2 dart slugs
  3 bats (D:1)
  4 endoplasms
  4 goblins
  A hobgoblin (D:2)
  A jackal (D:1)
  2 ball pythons
  2 kobolds (D:1)
  3 rats (D:1)
23 creatures vanquished.

Notes
Turn   | Place    | Note
-------+----------+-------------------------------------------
     0 | D:1      | Conn the Deep Elf Hedge Wizard began the quest for the Orb.
     0 | D:1      | Reached XP level 1. HP: 10/10 MP: 7/7
   396 | D:1      | Reached XP level 2. HP: 10/15 MP: 0/9
   574 | D:1      | Reached skill level 5 in Spellcasting
  1187 | D:2      | Learned a level 2 spell: Blink
  1190 | D:2      | Learned a level 2 spell: Call Imp
  1193 | D:2      | Learned a level 2 spell: Slow
  1196 | D:2      | Noticed Jessica
  1426 | D:2      | Reached XP level 3. HP: 19/19 MP: 4/11
  1499 | D:2      | Slain by a quokka

Illustrated notes

Levels and vault maps discovered:
D:1:      minmay_arrival_three_doors, layout_basic, hex_large
D:2:      layout_basic, grunt_ministairs_1, minmay_fountain_box, uniq_jessica

Skill      XL: |  1  2 |
---------------+-------+-----
Spellcasting   | 5 |  5.4
Dodging        | |  2.6
Stealth        | |  2.6
Conjurations   | |  1.4
Summonings     | |  1.6
Translocations | |  1.1

Action                   || total
-------------------------++-------
Melee: Short sword       ||     1
       Whip              ||     7
 Cast: Magic Dart        ||    67
       Slow              ||     1
       Blink             ||     1
       Call Imp          ||     1
  Use: Potion            ||     2
Armor: Robe              ||     6
Dodge: Dodged            ||    19

Table legend: (Time is in decaauts)
 A = Elapsed time spent in this place.
 B = Non-inter-level travel time spent in this place.
 C = Inter-level travel time spent in this place.
 D = Time resting spent in this place.
 E = Time spent auto-exploring this place.
 F = Levels seen in this place.
 G = Mean time per level.
                   A        B        C        D        E       F      G
               +--------+--------+--------+--------+--------+-----+--------+
         Total |   1500 |   1478 |     22 |    316 |    779 |   2 |  750.0 |
       Dungeon |   1500 |   1478 |     22 |    316 |    779 |   2 |  750.0 |
               +--------+--------+--------+--------+--------+-----+--------+

Top non-repeatable levels by time:
     D:1: 1313 daAuts
     D:2: 187 daAuts
